 Dungeon Crawl Stone Soup version 0.31.0-12-g77e489cdc1 (webtiles) character file.

Game seed: 5881185395942772912

49 ChrisAssaf the Ruffian (level 3, 0/42 HPs)
             Began as a Draconian Shapeshifter on Feb 20, 2024.
             Was a Follower of Vehumet.
             Slain by a gnoll
             ... wielding a +0 spear
              (2 damage)
             ... on level 2 of the Dungeon.
             The game lasted 00:03:51 (934 turns).

ChrisAssaf the Ruffian (Draconian Shapeshifter)      Turns: 934, Time: 00:03:52

Health: 0/42       AC: 21    Str: 16    XL:     3   Next: 51%
Magic:  0/3        EV:  2    Int: 12    God:    Vehumet [*.....]
Gold:   83         SH:  0    Dex: 10    Spells: 1/2 levels left

rFire   . .          .
                       - Unarmed
rCold   . . .        (no shield)
rNeg    . . .        (body armour unavailable)
rPois   +            (helmet currently unavailable)
rElec   .            (cloak currently unavailable)
rCorr   .            (gloves currently unavailable)
SInv    .            (boots currently unavailable)
Will    +....        (no amulet)
Stlth   +            (no ring)
HPRegen 0.27/turn    (no ring)
MPRegen 0.08/turn

%: no passive effects
@: tree-form, enlightened, very slightly contaminated, hasted, very quick
A: stationary, stasis, torment immunity, boosted hp, AC +5, unfitting armour,
(cold-blooded)
a: Renounce Religion


You were on level 2 of the Dungeon.
You worshipped Vehumet.
Vehumet was aware of your devotion.
You were a tree.
You visited 1 branch of the dungeon, and saw 2 of its levels.

You collected 83 gold pieces.

Inventory:

Missiles
 f - 2 atropa-tipped darts (quivered)
Talismans
 b - a beast talisman (active)
 c - a flux talisman


   Skills:
 * Level 1.3 Fighting
 * Level 2.1 Dodging
 * Level 0.8 Stealth
 * Level 3.5 Unarmed Combat
 * Level 0.2 Spellcasting
 * Level 0.4 Conjurations
 * Level 0.2 Alchemy
 * Level 3.3 Shapeshifting


You had one spell level left.
You knew the following spells:

 Your Spells              Type           Power      Damage    Failure   Level
a - Sting                 Conj/Alch      0%         1d3       28%         1

Your spell library contained the following spells:

 Spells                   Type           Power      Damage    Failure   Level
 Gell's Gravitas          Tloc           0%         N/A       69%         3
 Teleport Other           Tloc           0%         N/A       69%         3
 Dispersal                Tloc           0%         N/A       100%        6


Dungeon Overview and Level Annotations

Branches:
Dungeon (2/15)

Altars:
Vehumet


Innate Abilities, Weirdness & Mutations

You are a tree.
Your roots penetrate the ground, keeping you stationary.
You cannot be teleported.
You are immune to unholy pain and torment.
Your maximum health is greatly increased.
Your equipment is partially melded.
((Your plain brown scales are hard. (AC +5)))
You cannot fit into any form of body armour.
((You are cold-blooded and may be slowed by cold attacks.))


Message History

The gnoll looks more healthy.
Casting: Sting (safe; 30% risk of failure)
Confirm with . or Enter, or press ? or * to list all spells.
Aiming: Sting (safe; 30% risk of failure)
Press: ? - help, Shift-Dir - straight line, f - gnoll, p - gnoll
Aim: a gnoll, wielding a +0 whip (69% to hit)
You miscast Sting.
You are very lightly contaminated with residual magic.
Nothing appears to happen.
Unknown command.
Casting: Sting (safe; 30% risk of failure)
Confirm with . or Enter, or press ? or * to list all spells.
You don't have enough magic to cast this spell.
Unknown command.
Okay, then.
The gnoll hits you with a +0 whip.
* * * LOW HITPOINT WARNING * * *
Your transformation has ended.
You turn into a tree.
Your roots penetrate the ground.
You barely miss the gnoll. The gnoll hits you with a +0 whip.
* * * LOW HITPOINT WARNING * * *
You hit the gnoll.
The gnoll is heavily wounded.
The gnoll hits you but does no damage.
You smack the gnoll!
You kill the gnoll!
Vehumet accepts your kill.
You cannot move.
Unknown command.
Casting: Sting (safe; 28% risk of failure)
Confirm with . or Enter, or press ? or * to list all spells.
Aiming: Sting (safe; 28% risk of failure)
Press: ? - help, Shift-Dir - straight line, f - gnoll
Aim: a gnoll, wielding a +0 flail (69% to hit)
You miscast Sting.
Nothing appears to happen.
Unknown command.
You barely miss the gnoll. The gnoll hits you with a +0 flail!
* * * LOW HITPOINT WARNING * * *
The gnoll hits you from afar with a +0 spear.
You die...

###..........(..(##.#####..
#.....###.###...[........
#.....# #.# #..g#........
####### #.# ###..........
##.# ##>.#?..... #..#
#.##...##. #g## #.##..##
#g# ..##.## #♣# ####..# #.#
... ###


You could see 2 gnolls.

Vanquished Creatures
  2 gnolls
  A dart slug (D:2)
  4 endoplasms
  A giant cockroach (D:1)
  3 goblins (D:1)
  2 hobgoblins (D:1)
  3 quokkas
  4 ball pythons
  2 bats (D:1)
  3 frilled lizards
  2 kobolds (D:1)
27 creatures vanquished.

Notes
Turn   | Place    | Note
-------+----------+-------------------------------------------
     0 | D:1      | ChrisAssaf the Draconian Shapeshifter began the quest for
                  | the Orb.
     0 | D:1      | Reached XP level 1. HP: 16/16 MP: 1/1
   141 | D:1      | Reached XP level 2. HP: 11/23 MP: 2/2
   268 | D:1      | Found a faded altar of an unknown god.
   278 | D:1      | Prayed at the altar of an unknown god.
   278 | D:1      | Became a worshipper of Vehumet
   278 | D:1      | Reached * piety under Vehumet
   278 | D:1      | Offered knowledge of Sting by Vehumet.
   281 | D:1      | Learned a level 1 spell: Sting
   483 | D:1      | Reached XP level 3. HP: 28/28 MP: 1/3
   934 | D:2      | HP: 2/42 [gnoll/+0 flail (8)]
   934 | D:2      | Slain by a gnoll

Illustrated notes

Levels and vault maps discovered:
D:1:      shiori_arrival_elements, layout_basic,
          shapermc_ecumenical_altar_hornbeckon
D:2:      layout_rooms, eino_tiny_chamber, nicolae_eternal_life

Skill      XL: |  1  2 |
---------------+-------+-----
Dodging        | 2 |  2.1
Fighting       | |  1.3
Stealth        | |  0.8
Unarmed Combat | |  3.5
Spellcasting   | |  0.2
Conjurations   | |  0.4
Alchemy        | |  0.2
Shapeshifting  | |  3.3

Action                     || total
---------------------------++-------
  Melee: Unarmed           ||    54
         Tailslap          ||     5
  Throw: Dart              ||     3
   Cast: Sting             ||    13
    Use: Potion            ||     3
         Scroll            ||     1
 Armour: Skin              ||    24
  Dodge: Dodged            ||    39
   Form: Beast             ||     1
         Flux              ||     1
